 Dungeon Crawl Stone Soup version 0.29.1-2-gbd0b4ee654 (webtiles) character file.

Game seed: 6198305045483857104

907 Raikaria the Insei (level 8, -2/37 HPs)
             Began as a Vine Stalker Transmuter on Nov 21, 2022.
             Succumbed to a water moccasin's poison
             ... on level 6 of the Dungeon.
             The game lasted 00:10:27 (4292 turns).

Raikaria the Insei (Vine Stalker Transmuter)        Turns: 4292, Time: 00:10:28

Health: -2/37      AC:  2    Str: 13    XL:     8   Next: 8%
Magic:  10/13      EV: 20    Int: 15    God:
Gold:   251        SH:  0    Dex: 20    Spells: 7/13 levels left

rFire   . . .      SeeInvis .     - Unarmed
rCold   . . .      Faith    +   (shield currently unavailable)
rNeg    . . .      Spirit   +   (body armour currently unavailable)
rPois   x          Reflect  .   (helmet currently unavailable)
rElec   .          Harm     .   (cloak currently unavailable)
rCorr   .          Rampage  .   (gloves currently unavailable)
Will    +....                   (boots currently unavailable)
Stlth   ++........              d - amulet of faith
HPRegen 0.92/turn               f - ring of wizardry
MPRegen 0.13/turn               (no ring)

@: brilliant, lethally poisoned (-2 -> -26), spider-form, attractive
A: venomous fangs, tiny, (fangs 3), regeneration 1, magic shield, (antimagic
bite), no potion heal 2
a: End Transformation


You were on level 6 of the Dungeon.
You were a venomous arachnid creature.
You visited 1 branch of the dungeon, and saw 6 of its levels.

You collected 251 gold pieces.

Inventory:

Armour
 a - a +0 robe (melded)
 j - a +0 hat (melded)
 z - a +0 cloak (melded)
Jewellery
 d - an amulet of faith (around neck)
 f - a ring of wizardry (left front leg)
 i - an amulet of reflection
 m - a ring of flight
 r - the ring of Goxt {rElec rF- rC+ Str+6}
   (You found it on level 3 of the Dungeon)

   [ring of strength]

   Str:       It affects your strength (+6).
   rF:        It makes you vulnerable to fire.
   rC:        It protects you from cold.
   rElec:     It insulates you from electricity.
 t - a ring of magical power
Wands
 o - a wand of flame (14)
Scrolls
 c - a scroll of brand weapon {unknown}
 e - 2 scrolls of magic mapping {unknown}
 k - 2 scrolls of enchant weapon {unknown}
 l - 2 scrolls of poison {unknown}
 n - a scroll of fear {unknown}
 s - a scroll of teleportation {unknown}
 u - a scroll of amnesia {unknown}
 v - a scroll of fog {unknown}
 w - 3 scrolls of identify {unknown}
 x - a scroll of vulnerability {unknown}
 y - a scroll of enchant armour {unknown}
 B - a scroll of silence {unknown}
Potions
 b - a potion of lignification
 g - 2 potions of brilliance
 h - a potion of resistance {unknown}
 p - a potion of attraction
 q - a potion of curing {unknown}
 A - a potion of flight {unknown}
 C - a potion of magic {unknown}
 D - a potion of degeneration {unknown}


   Skills:
 - Level 1.0 Fighting
 + Level 3.0 Dodging
 + Level 6.4 Unarmed Combat
 - Level 3.0 Spellcasting
 - Level 5.0 Transmutations
 - Level 3.0 Poison Magic


You had 7 spell levels left.
You knew the following spells:

 Your Spells              Type           Power      Damage    Failure   Level
a - Beastly Appendage     Tmut           50%        N/A       4%          1
b - Wereblood             Tmut           25%        N/A       4%          2
c - Spider Form           Tmut/Pois      21%        N/A       12%         3

Your spell library contained the following spells:

 Spells                   Type           Power      Damage    Failure   Level
 Ensorcelled Hibernation  Hex/Ice        6%         N/A       24%         2
 Dazzling Flash           Conj/Hex       6%         N/A       38%         3
 Ice Form                 Ice/Tmut       14%        N/A       43%         4
 Anguish                  Hex/Necr       1%         N/A       73%         4
 Iskenderun's Mystic Bla  Conj/Tloc      3%         2d3       73%         4
 Starburst                Conj/Fire      1%         6d3       100%        6


Dungeon Overview and Level Annotations

Branches:
Dungeon (6/15)
 Temple: D:4-7

Altars:

Shops:
D:1 !


Innate Abilities, Weirdness & Mutations

You are a venomous arachnid creature.
You have poisonous fangs.
You are tiny and dextrous.
Your spellcasting is less reliable in this form.
Your armour is entirely melded.
You are incapable of wielding weapons or throwing items.
((You have razor-sharp teeth.))
Your natural rate of healing is unusually fast.
When hurt, damage is shared between your health and your magic reserves.
((Your bite disrupts and absorbs the magic of your enemies.))
Potions cannot restore your health.


Message History

A water moccasin comes into view.
There is a stone staircase leading up here.
You climb upwards.
There is a stone staircase leading down here.
You start resting.
HP restored.
You start resting.
Magic restored.
Casting: Spider Form (dangerous; 4% risk of failure)
Confirm with . or Enter, or press ? or * to list all spells.
You turn into a venomous arachnid creature.
Your +0 cloak melds into your body.
Your +0 hat melds into your body.
Your +0 robe melds into your body.
You climb downwards.
There is a stone staircase leading up here.
The water moccasin hisses angrily.
You barely miss the water moccasin. The water moccasin misses you.
You hit the water moccasin.
The water moccasin is lightly wounded.
The water moccasin bites you.
You are poisoned.
The water moccasin poisons you! The water moccasin bites you.
You are lethally poisoned!
The water moccasin poisons you!
You hit the water moccasin.
The water moccasin is moderately wounded.
You feel extremely sick. The water moccasin misses you.
You hit the water moccasin but do no damage.
The water moccasin is moderately wounded.
You feel extremely sick. The water moccasin closely misses you.
It was a potion of brilliance.
You feel clever all of a sudden.
* * * LOW HITPOINT WARNING * * *
You feel extremely sick. The water moccasin misses you.
It was a potion of attraction.
You feel attractive to monsters.
You die...

##.. ...... ##
.....#.... #.#
#.#.....#
....###.##...##
....#.#.......#
.............#
#..........#
...##[[)<...###...
#.....s.......
#...###S......
#.### ....... ...
...#... [..#. ..##
.. ...##. ... .
### #. .... ..
....


You could see a water moccasin.

Vanquished Creatures
  Grinder (D:3)
  Sigmund (D:4)
  A phantom (D:5)
  A scorpion (D:4)
  2 jellies
  An orc priest (D:5)
  3 iguanas (D:5)
  2 orc wizards
  10 adders
  A white imp (D:6)
  2 worms
  5 dart slugs
  15 orcs
  6 bats
  6 endoplasms
  3 giant cockroaches
  7 hobgoblins
  5 kobolds
  2 quokkas
  3 ball pythons (D:4)
  2 frilled lizards
  9 goblins
  2 rats (D:3)
90 creatures vanquished.

Vanquished Creatures (others)
  An orc (D:6)
1 creature vanquished.

Grand Total: 91 creatures vanquished

Notes
Turn   | Place    | Note
-------+----------+-------------------------------------------
     0 | D:1      | Raikaria the Vine Stalker Transmuter began the quest for
                  | the Orb.
     0 | D:1      | Reached XP level 1. HP: 9/9 MP: 4/4
     2 | D:1      | Noticed a meteoran
     2 | D:1      | Noticed a human
     4 | D:1      | Noticed a ghoul
     4 | D:1      | Noticed a demigod
     6 | D:1      | Noticed a vine stalker
     6 | D:1      | Noticed a vampire
     8 | D:1      | Noticed a formicid
     8 | D:1      | Noticed an octopode
    10 | D:1      | Noticed a draconian
    12 | D:1      | Noticed a merfolk
    12 | D:1      | Noticed a gargoyle
    14 | D:1      | Noticed a tengu
    14 | D:1      | Noticed an ogre
    16 | D:1      | Noticed a demonspawn
    18 | D:1      | Noticed a troll
    18 | D:1      | Noticed a palentonga
    20 | D:1      | Noticed an elf
    20 | D:1      | Noticed a felid
    22 | D:1      | Noticed a minotaur
    22 | D:1      | Noticed a spriggan
    24 | D:1      | Noticed an octopode
    24 | D:1      | Noticed a naga
    26 | D:1      | Noticed a merfolk
    26 | D:1      | Noticed a minotaur
   151 | D:1      | Reached skill level 1 in Fighting
   422 | D:1      | Found Zucotz's Distillery.
   503 | D:1      | Reached XP level 2. HP: 14/14 MP: 4/6
  1155 | D:2      | Reached XP level 3. HP: 18/18 MP: 5/7
  1280 | D:2      | Learned a level 2 spell: Wereblood
  1593 | D:2      | Gained mutation: Your natural rate of healing is unusually
                  | fast. [Vine Stalker growth]
  1593 | D:2      | Reached XP level 4. HP: 20/22 MP: 7/9
  2025 | D:2      | Learned a level 3 spell: Spider Form
  2212 | D:5      | Entered Level 5 of the Dungeon
  2435 | D:3      | Noticed Grinder
  2496 | D:3      | Paralysed by Grinder for 4 turns
  2512 | D:3      | Killed Grinder
  2513 | D:3      | Reached skill level 4 in Unarmed Combat
  2513 | D:3      | Reached XP level 5. HP: 25/25 MP: 10/10
  2513 | D:3      | Reached XP level 6. HP: 30/30 MP: 11/11
  2527 | D:3      | Identified the ring of Goxt {rElec rF- rC+ Str+6}
  2581 | D:4      | Reached skill level 5 in Unarmed Combat
  3108 | D:4      | Reached XP level 7. HP: 31/33 MP: 12/12
  3133 | D:4      | Noticed Sigmund
  3143 | D:4      | Killed Sigmund
  3456 | D:5      | Reached skill level 6 in Unarmed Combat
  4088 | D:5      | Reached skill level 5 in Transmutations
  4088 | D:5      | Gained mutation: You have razor-sharp teeth. [Vine Stalker
                  | growth]
  4088 | D:5      | Reached XP level 8. HP: 28/37 MP: 4/13
  4292 | D:6      | Succumbed to a water moccasin's poison

Illustrated notes

Levels and vault maps discovered:
D:1:      kb_arrival_jail, layout_basic, serial_shops, shop
D:2:      layout_basic
D:3:      layout_rooms, uniq_grinder
D:4:      layout_basic, uniq_sigmund
D:5:      layout_gridville, serial_glass, glass_columns_b, glass_columns_b,
          feat_on_display, due_unseen_surprise,
          nicolae_concentric_dashed_squares_wild, kennysheep_donut
D:6:      layout_cave_pools, ebering_ghost_gozag

Skill      XL: |  1  2  3  4  5  6  7  8 |
---------------+-------------------------+-----
Fighting       | 1 |  1.0
Dodging        | 2 3 |  3.0
Spellcasting   | 3 |  3.0
Unarmed Combat | 4 5 6 |  6.4
Transmutations | 3 5 |  5.0
Poison Magic   | 3 |  3.0

Action                   |  1- 3 |  4- 6 |  7- 9 || total
-------------------------+-------+-------+-------++-------
Melee: Unarmed           |    87 |    98 |    96 ||   281
       Bite              |    14 |    20 |     5 ||    39
       Kick              |    18 |    24 |     1 ||    43
       Headbutt          |     6 |    19 |       ||    25
       Punch             |     1 |     1 |       ||     2
 Cast: Beastly Appendage |    16 |    24 |     1 ||    41
       Wereblood         |     1 |       |       ||     1
       Spider Form       |       |       |    11 ||    11
  Use: Potion            |       |       |     2 ||     2
 Stab: Sleeping          |       |     3 |       ||     3
Armor: Robe              |    23 |     7 |     2 ||    32
       Skin              |       |       |     4 ||     4
Dodge: Dodged            |    60 |    55 |    84 ||   199
